 Dungeon Crawl Stone Soup version 0.29.1-2-gbd0b4ee654 (webtiles) character file.

Game seed: 14792625130582842339

52 KittyFluff the Trooper (level 3, -1/34 HPs)
             Began as a Gargoyle Berserker on Oct 27, 2022.
             Was a Believer of Trog.
             Slain by a gnoll
             ... wielding a +0 flail
              (5 damage)
             ... on level 2 of the Dungeon.
             The game lasted 00:06:35 (1913 turns).

KittyFluff the Trooper (Gargoyle Berserker)         Turns: 1913, Time: 00:06:36

Health: -1/34      AC:  6    Str: 20    XL:     3   Next: 85%
Magic:  3/3        EV: 12    Int:  7    God:    Trog [**....]
Gold:   140        SH:  0    Dex: 11    Spells: 2/2 levels left

rFire   . . .      SeeInvis .   a - +0 mace
rCold   . . .      Faith    .   (no shield)
rNeg    + . .      Spirit   .   b - +0 animal skin
rPois   ∞          Reflect  .   d - +0 helmet
rElec   +          Harm     .   (no cloak)
rCorr   .          Rampage  .   (no gloves)
Will    .....                   (no boots)
Stlth   ..........              (no amulet)
HPRegen 0.11/turn               (no ring)
MPRegen 0.08/turn               (no ring)

@: berserking, very quick
A: sickness immunity, AC +3, negative energy resistance 1, electricity
resistance, torment resistance 1, petrification resistance
a: Renounce Religion, Berserk, Trog's Hand


You were on level 2 of the Dungeon.
You worshipped Trog.
Trog was pleased with you.
You visited 1 branch of the dungeon, and saw 2 of its levels.

You collected 140 gold pieces.

Inventory:

Hand Weapons
 a - a +0 mace (weapon)
 n - a +0 sling
Armour
 b - a +0 animal skin (worn)
 d - a +0 helmet (worn)
Jewellery
 j - a ring of ice
Scrolls
 e - a scroll of amnesia {unknown}
 f - a scroll of fog {unknown}
 h - 2 scrolls of teleportation {unknown}
 i - a scroll of summoning {unknown}
 k - a scroll of poison {unknown}
 o - a scroll of torment {unknown}
 p - a scroll of silence {unknown}
 r - a scroll of magic mapping {unknown}
 s - a scroll of vulnerability {unknown}
Potions
 c - a potion of curing {unknown}
 g - a potion of brilliance {unknown}
 l - a potion of magic {unknown}
 m - a potion of might {unknown}
 q - 2 potions of lignification {unknown}


   Skills:
 + Level 3.6 Fighting
 + Level 3.6 Maces & Flails
 * Level 2.6 Armour
 + Level 2.2 Dodging
 + Level 0.3 Stealth


You had 2 spell levels left.
You didn't know any spells.
Your spell library was empty.

Dungeon Overview and Level Annotations

Branches:
Dungeon (2/15)

Altars:

Shops:
D:1 [


Innate Abilities, Weirdness & Mutations

You are immune to sickness and miasma.
Your stone body is resilient. (AC +3)
You are immune to poison.
You resist negative energy. (rN+)
You are resistant to electric shocks. (rElec)
You are resistant to unholy torment.
You are immune to petrification.


Message History

The gnoll closely misses you.
You hit the gnoll but do no damage.
The gnoll is heavily wounded.
The gnoll closely misses you. The gnoll barely misses you.
You hit the gnoll.
The gnoll is heavily wounded.
The gnoll closely misses you.
You sock the gnoll!
You kill the gnoll!
Trog accepts your kill.
You hit the gnoll.
The gnoll is moderately wounded.
The gnoll closely misses you.
You completely miss the gnoll.
The gnoll is moderately wounded.
The gnoll misses you.
You barely miss the gnoll.
The gnoll is moderately wounded.
The gnoll hits you but does no damage. The gnoll barely misses you.
You hit the gnoll but do no damage.
The gnoll is moderately wounded.
The gnoll barely misses you.
You hit the gnoll but do no damage.
The gnoll is moderately wounded.
The gnoll hits you with a +0 flail.
You hit the gnoll.
The gnoll is severely wounded.
The gnoll hits you with a +0 flail.
You barely miss the gnoll.
The gnoll is severely wounded.
The gnoll hits you with a +0 flail!
* * * LOW HITPOINT WARNING * * *
You closely miss the gnoll.
The gnoll is severely wounded.
The gnoll barely misses you. The gnoll closely misses you.
A red film seems to cover your vision as you go berserk!
You feel yourself moving faster!
You feel mighty!
A gnoll comes into view. It is wielding a +0 flail.
The gnoll hits you with a +0 flail.
You die...

........####.##.###.P.♣.♣
♣..♣.#. #...###># #.##.#
##..P..♣♣).P##.
#......... ..##.#
#......P..###.
#...###..######.#
##...PP....... ♣.♣.♣ ##.#
############. ..... .# #.
♣.♣.♣. ##### #<
###.###...# #.
#....g@.#.############.
.....###................
g#. #################


You could see 2 gnolls.

Vanquished Creatures
  A gnoll (D:2)
  A worm (D:2)
  A dart slug (D:1)
  4 ball pythons
  A bat (D:2)
  10 endoplasms
  A giant cockroach (D:1)
  3 hobgoblins
  3 jackals (D:1)
  A quokka (D:1)
  3 frilled lizards
  A goblin (D:1)
  A kobold (D:1)
  A rat (D:2)
32 creatures vanquished.

Vanquished Creatures (others)
  2 plants (D:2)
2 creatures vanquished.

Grand Total: 34 creatures vanquished

Notes
Turn   | Place    | Note
-------+----------+-------------------------------------------
     0 | D:1      | KittyFluff the Gargoyle Berserker began the quest for the
                  | Orb.
     0 | D:1      | Reached XP level 1. HP: 14/14 MP: 1/1
   338 | D:1      | Found a faded altar of an unknown god.
   365 | D:1      | Reached XP level 2. HP: 19/19 MP: 2/2
   369 | D:1      | Found Miudus's Armour Emporium.
   889 | D:1      | Reached ** piety under Trog
   944 | D:1      | Reached XP level 3. HP: 21/23 MP: 3/3
  1913 | D:2      | Slain by a gnoll

Illustrated notes

Levels and vault maps discovered:
D:1:      saegor_arrival_simple_a, layout_basic,
          shapermc_ecumenical_altar_pompeii, serial_shops, shop,
          corexii_item_surrounded_by_moat, st_stairs_12
D:2:      layout_loops_cross, serial_forest, infiniplex_forest_fountain,
          infiniplex_forest_fountain, infiniplex_forest_clump_large,
          infiniplex_forest_end_2, infiniplex_forest_3_way,
          infiniplex_forest_lined_2

Skill      XL: |  1  2 |
---------------+-------+-----
Dodging        | 2 |  2.2
Fighting       | |  3.6
Maces & Flails | |  3.6
Armour         | |  2.6
Stealth        | |  0.3

Action                   || total
-------------------------++-------
Melee: Mace              ||   118
Invok: Berserk           ||     1
Armor: Animal skin       ||    51
Dodge: Dodged            ||   104
